 Dungeon Crawl Stone Soup version 0.17.0-15-g6d90897 (webtiles) character file.

76 oplop the Firebug (level 4, -3/33 HPs)
             Began as a Draconian Fire Elementalist on Nov 10, 2015.
             Killed from afar by Sigmund (7 damage)
             ... with a puff of flame
             ... on level 2 of the Dungeon.
             The game lasted 00:04:27 (1639 turns).

oplop the Firebug (Draconian Fire Elementalist)     Turns: 1639, Time: 00:04:27

Health: -3/33      AC:  5    Str:  7 (10) XL:     4   Next: 12%
Magic:  1/7        EV: 13    Int: 16      God:
Gold:   118        SH:  0    Dex: 12      Spells: 1 memorised, 7 levels left

rFire  . . .     SeeInvis .     f - +0 dagger
rCold  . . .     Clarity  .     (armour unavailable)
rNeg   . . .     SustAt   .     (no shield)
rPois  .         Gourm    .     (helmet restricted)
rElec  .         Spirit   .     (no cloak)
rCorr  .         Warding  .     (no gloves)
rMut   .         Stasis   .     (no boots)
MR     .....                    (no amulet)
Stlth  ++........               (no ring)
                                (no ring)

@: not resistant to hostile enchantments, unstealthy
A: unfitting armour, cold-blooded, AC +5
a: no special abilities


You were on level 2 of the Dungeon.
You were not hungry.

You visited 1 branch of the dungeon, and saw 3 of its levels.

You collected 118 gold pieces.

Inventory:

Hand Weapons
 f - a +0 dagger (weapon)
Scrolls
 d - 2 scrolls of blinking {unknown}
 g - a scroll of amnesia {unknown}
 h - 2 scrolls of identify {unknown}
 k - a scroll of enchant armour {unknown}
 l - 3 scrolls of fear {unknown}
 m - a scroll of recharging {unknown}
 n - a scroll of magic mapping {unknown}
 q - a scroll of teleportation {unknown}
Potions
 e - a potion of flight {unknown}
 i - a potion of ambrosia {unknown}
 p - a potion of haste {unknown}
Books
 a - a book of Flames

   Spells                             Type                      Level
   a - Flame Tongue                   Conjuration/Fire             1
   b - Throw Flame                    Conjuration/Fire             2
   c - Conjure Flame                  Conjuration/Fire             3
   d - Inner Flame                    Hexes/Fire                   3
   e - Sticky Flame                   Conjuration/Fire             4
   f - Fireball                       Conjuration/Fire             5
Comestibles
 b - 3 bread rations
 c - a beef jerky
 j - a meat ration


   Skills:
 + Level 2.8 Dodging
 - Level 1.7 Stealth
 + Level 2.5 Spellcasting
 + Level 1.9 Conjurations
 + Level 3.5 Fire Magic


You had 7 spell levels left.
You knew the following spells:

 Your Spells              Type           Power        Failure   Level  Hunger
a - Flame Tongue          Conj/Fire      ##...        10%         1    #......


Dungeon Overview and Level Annotations

Branches:
Dungeon (3/15)

Altars:
Ashenzari
Cheibriados
Dithmenos
Qazlal
Xom
Yredelemnul
The Shining One

Annotations:
D:2 Sigmund
D:3 dorian's ghost, amateur OgHu


Innate Abilities, Weirdness & Mutations

Your plain brown scales are hard (AC +5).
Your body does not fit into most forms of armour.
You are cold-blooded and may be slowed by cold attacks.


Message History

The adder is severely wounded.
The adder bites you.
Casting: Flame Tongue
Confirm with . or Enter, or press ? or * to list all spells.
Aiming: Flame Tongue
Press: ? - help, Shift-Dir - straight line, f/p - adder
Aim: an adder (severely wounded)
The flame tongue hits the adder.
You kill the adder!
You have reached level 4!
You feel agile.
Sigmund hits you from afar with a scythe!
* * * LOW HITPOINT WARNING * * *
Drink which item? (? for menu, Esc to quit)
You feel better.
Sigmund hits you from afar with a scythe!
* * * LOW HITPOINT WARNING * * *
Sigmund gestures at you while chanting. The puff of flame hits you!
You die...

#...._......# ##..#
#......#..#.# #...#
#.###.....#.# ###.#.#
#.#...#####.###...#.#
###.#.### #.@#......#
.##.#.# ##.#.#.####
.##...# #.....# ....###
##...## .....# ##@>#
###### .....# ##..###....#
.....##########...##..#.##
........................#
..†..#######.(...###.####
......#####...##..##.#
###..........####.#..#
###.>........###...##
...................##


You could see Sigmund.

Vanquished Creatures
  3 adders
  An ooze (D:2)
  2 worms
  2 giant cockroaches
  8 hobgoblins
  4 kobolds
  2 ball pythons
  2 bats (D:1)
  2 giant geckos
  8 goblins
  6 rats
40 creatures vanquished.

Notes
Turn   | Place    | Note
--------------------------------------------------------------
     0 | D:1      | oplop the Draconian Fire Elementalist began the quest for the Orb.
     0 | D:1      | Reached XP level 1. HP: 14/14 MP: 3/3
   267 | D:1      | Reached XP level 2. HP: 10/20 MP: 0/5
   958 | D:2      | Found a snail-covered altar of Cheibriados.
   959 | D:2      | Found a stormy altar of Qazlal.
  1015 | D:2      | Found a basalt altar of Yredelemnul.
  1016 | D:2      | Found a glowing golden altar of the Shining One.
  1018 | D:2      | Found a shimmering altar of Xom.
  1020 | D:2      | Found a shattered altar of Ashenzari.
  1028 | D:2      | Reached XP level 3. HP: 23/26 MP: 0/6
  1158 | D:2      | Noticed Sigmund
  1221 | D:3      | Noticed dorian's ghost (amateur OgHu)
  1497 | D:2      | Found a shadowy altar of Dithmenos.
  1629 | D:2      | Reached XP level 4. HP: 16/33 MP: 0/7
  1639 | D:2      | Killed from afar by Sigmund

Action                   |  1- 3 |  4- 6 || total
-------------------------+-------+-------++-------
Melee: Dagger            |   121 |       ||   121
       Unarmed           |     6 |       ||     6
 Cast: Flame Tongue      |    48 |     1 ||    49
  Use: Potion            |     4 |     1 ||     5
 Stab: Sleeping          |     3 |       ||     3
  Eat: Chunk             |     3 |       ||     3
